 Dungeon Crawl Stone Soup version 0.23-a0-494-g91793a9 (webtiles) character file.

11746 theanonym the Slicer (level 11, -35/89 HPs)
             Began as a Mummy Enchanter on Dec 3, 2018.
             Was an Elder of Cheibriados.
             Annihilated by a minotaur
             ... wielding a +3 scythe of venom
              (46 damage)
             ... in a labyrinth.
             The game lasted 00:27:04 (18039 turns).

theanonym the Slicer (Mummy Enchanter)             Turns: 18039, Time: 00:27:05

Health: -35/89     AC: 16    Str: 26    XL:     11   Next: 53%
Magic:  2/15       EV:  3    Int: 24    God:    Cheibriados [****..]
Gold:   850        SH: 17    Dex: 25    Spells: 10/15 levels left

rFire    x . .     SeeInvis .   a - +1 short sword (freeze)
rCold    + . .     Gourm    .   k - +0 large shield
rNeg     + + +     Faith    .   j - +0 crystal plate armour
rPois    ∞         Spirit   .   m - +2 hat
rElec    .         Reflect  .   (no cloak)
rCorr    .         Harm     .   (no gloves)
MR       +....                  (no boots)
Stlth    ..........             b - amulet "Tiuraxuj" {+Rage Dex+3}
HPRegen  0.24/turn              i - ring of wizardry
MPRegen  0.14/turn              h - +2 ring of evasion

@: very slow
A: no food or potions, fire vulnerability, cold resistance 1, negative energy
resistance 3, torment resistance, unbreathing
a: Bend Time, Temporal Distortion, Slouch, Renounce Religion


Innate Abilities, Weirdness & Mutations

You do not eat or drink.
Your flesh is vulnerable to fire.
You are immune to poison.
Your flesh is cold resistant. (rC+)
You are immune to negative energy. (rN+++)
You are immune to unholy pain and torment.
You can survive without breathing.


   Skills:
 + Level 9.5 Fighting
 + Level 11.3 Short Blades
 - Level 0.3 Armour
 - Level 1.7 Dodging
 - Level 2.4 Stealth
 - Level 6.3 Shields
 - Level 2.6 Spellcasting
 - Level 2.6 Hexes
 + Level 2.3 Invocations


You had 10 spell levels left.
You knew the following spells:

 Your Spells              Type           Power        Failure   Level  Hunger
a - Corona                Hex            ###....      100%        1    N/A
c - Confuse               Hex            ###.....     100%        3    N/A
q - Apportation           Tloc           #.....       100%        1    N/A

Your spell library contained the following spells:

 Spells                   Type           Power        Failure   Level  Hunger
 Animate Skeleton         Necr           N/A          100%        1    N/A
 Confusing Touch          Hex            ###...       100%        1    N/A
 Freeze                   Ice            #...         100%        1    N/A
 Summon Small Mammal      Summ           #...         100%        1    N/A
 Ensorcelled Hibernation  Hex/Ice        #.....       100%        2    N/A
 Throw Frost              Conj/Ice       #.....       100%        2    N/A
 Dazzling Spray           Conj/Hex       #.....       100%        3    N/A
 Gell's Gravitas          Tloc           #.........   100%        3    N/A
 Ozocubu's Armour         Chrm/Ice       #.......     100%        3    N/A
 Tukima's Dance           Hex            ###.....     100%        3    N/A
 Petrify                  Tmut/Erth      #.......     100%        4    N/A
 Summon Ice Beast         Ice/Summ       #.......     100%        4    N/A
 Throw Icicle             Conj/Ice       #.......     100%        4    N/A
 Metabolic Englaciation   Hex/Ice        #.........   100%        5    N/A
 Yara's Violent Unravell  Hex/Tmut       #.........   100%        5    N/A

Skill      XL: |  1  2  3  4  5  6  7  8  9 10 11 |
---------------+----------------------------------+-----
Short Blades   | 1 2 3 4 5 6 7 9 10 11 | 11.3
Fighting       | 1 2 3 4 6 7 8 9 |  9.5
Invocations    | 2 |  2.3
Shields        | 1 4 5 6 |  6.3
Armour         | |  0.3
Dodging        | |  1.7
Stealth        | |  2.4
Spellcasting   | |  2.6
Hexes          | |  2.6

Action                   |  1- 3 |  4- 6 |  7- 9 | 10-12 || total
-------------------------+-------+-------+-------+-------++-------
Melee: Short sword       |   206 |   391 |   665 |   584 ||  1846
       Dagger            |     9 |       |       |       ||     9
 Cast: Corona            |     5 |     5 |       |       ||    10
       Confuse           |       |     1 |       |       ||     1
Invok: Bend Time         |       |     3 |     6 |     3 ||    12
       Temporal Distorti |       |       |       |     2 ||     2
Evoke: Wand              |       |       |     4 |    12 ||    16
  Use: Scroll            |     1 |    11 |     4 |     4 ||    20
 Stab: Sleeping          |     2 |       |       |       ||     2
       Paralysed         |       |       |     3 |     1 ||     4
Armor: Robe              |    14 |       |       |       ||    14
       Ring mail         |    10 |       |       |       ||    10
       Scale mail        |    55 |       |       |       ||    55
       Chain mail        |     7 |   181 |   181 |       ||   369
       Crystal plate arm |       |       |       |   165 ||   165
Dodge: Dodged            |   148 |   149 |    94 |    17 ||   408
Block: Large shield      |       |    13 |   372 |   334 ||   719

Inventory:

Hand Weapons
 a - a +1 short sword of freezing (weapon)
   (You took it off a wight on level 6 of the Dungeon)
 x - a +0 rapier
   (You found it on level 8 of the Dungeon)
Missiles
 d - 146 arrows
 e - 96 bolts
Armour
 g - a +0 chain mail
   (You found it on level 2 of the Dungeon)
 j - a +0 crystal plate armour (worn)
   (You found it on level 8 of the Dungeon)
 k - a +0 large shield (worn)
   (You found it on level 4 of the Dungeon)
 m - a +2 hat (worn)
   (You found it on level 10 of the Dungeon)
Jewellery
 b - the amulet "Tiuraxuj" (around neck) {+Rage Dex+3}
   (You found it on level 8 of the Dungeon)

   [amulet of rage]

   It affects your dexterity (+3).
   It lets you go berserk.
 h - a +2 ring of evasion (right hand)
   (You found it on level 2 of the Dungeon)
 i - a ring of wizardry (left hand)
   (You found it on level 1 of the Dungeon)
Wands
 c - a wand of clouds (1)
   (You took it off an orc on level 9 of the Dungeon)
 p - a wand of paralysis (11)
   (You found it on level 6 of the Dungeon)
Scrolls
 f - a scroll of fog
 l - 3 scrolls of enchant weapon
 n - 5 scrolls of remove curse
 o - 3 scrolls of amnesia
 s - 4 scrolls of fear
 t - 9 scrolls of teleportation {!r}
 u - a scroll of torment
 v - a scroll of silence
 w - a scroll of immolation You were in a labyrinth. You worshipped Cheibriados. Cheibriados was greatly pleased with you. You were not hungry. You visited 2 branches of the dungeon, and saw 13 of its levels. You also visited: Labyrinth. You collected 850 gold pieces.

Dungeon Overview and Level Annotations

Branches:
Dungeon (11/15)            Temple (0/1) D:7            Lair (2/6) D:10
  Snake (0/4) Lair:2
  Swamp: Lair:2-4    Shoals: Lair:2-4       Orc: D:9-12

Altars:
Cheibriados
Fedhas
Gozag
Hepliaklqana
Kikubaaqudgha
Makhleb
Ru
Trog
Vehumet
Wu Jian
Xom
Yredelemnul
The Shining One
Jiyva

Shops:
D:8 :

Annotations:
D:9 exclusion: fire crab
Lair:1 3 runed doors, Phong's ghost, journeyman CeHu

######
#... ..
# #. ###
# #.
.#.# #.#
#. #.#
#§# .#.#
#H###.#
# #
#§@.(.#.
#
#######
# ## ..
.... . #
## # # #
# # # #
.. .
.#.###
#. .#


You could see a minotaur.

Notes
Turn   | Place    | Note
-------+----------+-------------------------------------------
     0 | D:1      | theanonym the Mummy Enchanter began the quest for the Orb.
     0 | D:1      | Reached XP level 1. HP: 13/13 MP: 4/4
    50 | D:1      | Reached skill level 1 in Short Blades
   232 | D:1      | HP: 5/14 [hobgoblin/+0 club (2)]
   514 | D:1      | Reached XP level 2. HP: 20/20 MP: 5/5
   533 | D:1      | HP: 9/20 [goblin/+0 dagger (6)]
   541 | D:1      | HP: 4/20 [kobold/+0 dagger (2)]
   547 | D:1      | HP: 1/20 [hobgoblin (4)]
   965 | D:1      | Reached skill level 1 in Fighting
   971 | D:1      | HP: 7/21 [kobold/+0 whip (5)]
  1446 | D:2      | HP: 10/21 [goblin (2)]
  1478 | D:2      | HP: 9/21 [kobold (4)]
  1479 | D:2      | Reached skill level 2 in Short Blades
  1661 | D:2      | Found an opulent altar of Gozag.
  1664 | D:2      | Found an ornate altar of the Wu Jian Council.
  1665 | D:2      | Found a glowing golden altar of the Shining One.
  1666 | D:2      | Found a sacrificial altar of Ru.
  1666 | D:2      | Found a bloodstained altar of Trog.
  1671 | D:2      | Found a snail-covered altar of Cheibriados.
  1675 | D:2      | Became a worshipper of Cheibriados the Contemplative
  1708 | D:2      | Reached XP level 3. HP: 19/26 MP: 7/7
  1718 | D:2      | HP: 13/26 [worm (2)]
  2457 | D:2      | Learned a level 3 spell: Confuse
  2807 | D:2      | Reached XP level 4. HP: 27/33 MP: 8/8
  2896 | D:2      | HP: 12/33 [worm (7)]
  3173 | D:3      | Reached skill level 2 in Fighting
  3190 | D:3      | Reached * piety under Cheibriados
  3294 | D:3      | Reached skill level 3 in Short Blades
  3296 | D:3      | HP: 16/34 [orc/+0 flail (5)]
  3303 | D:3      | HP: 10/34 [orc/+0 dagger (2)]
  3308 | D:3      | HP: 8/34 [orc/+0 club (2)]
  3648 | D:3      | Found a burning altar of Makhleb.
  3833 | D:3      | Reached XP level 5. HP: 33/39 MP: 9/9
  3909 | D:3      | HP: 15/39 [gnoll (6)]
  3911 | D:3      | HP: 6/39 [gnoll/+0 whip (2)]
  4268 | D:3      | HP: 17/39 [gnoll (3)]
  5153 | D:4      | HP: 15/40 [scorpion (6)]
  5158 | D:4      | Reached skill level 3 in Fighting
  5158 | D:4      | Reached skill level 4 in Short Blades
  5158 | D:4      | Reached XP level 6. HP: 16/47 MP: 10/10
  5463 | D:4      | Reached ** piety under Cheibriados
  5501 | D:4      | HP: 23/47 [phantom (7)]
  5510 | D:4      | HP: 23/47 [phantom (1)]
  5519 | D:4      | HP: 16/47 [phantom (2)]
  5525 | D:4      | HP: 15/47 [phantom (2)]
  5532 | D:4      | HP: 12/47 [phantom (4)]
  5537 | D:4      | HP: 11/47 [phantom (2)]
  6298 | D:5      | Entered Level 5 of the Dungeon
  6419 | D:5      | Reached skill level 5 in Short Blades
  6419 | D:5      | Reached XP level 7. HP: 40/53 MP: 11/11
  6521 | D:5      | Noticed Pikel
  6549 | D:5      | Killed Pikel
  6549 | D:5      | Reached skill level 4 in Fighting
  6549 | D:5      | Reached skill level 2 in Invocations
  6688 | D:5      | Reached skill level 6 in Short Blades
  6688 | D:5      | Reached XP level 8. HP: 44/61 MP: 12/12
  6988 | D:5      | Reached skill level 5 in Fighting
  7274 | D:5      | HP: 29/62 [acid (6)]
  7275 | D:5      | HP: 14/62 [acid (9)]
  7276 | D:5      | HP: 6/62 [acid (5)]
  7691 | D:5      | HP: 28/62 [centaur (4)]
  8287 | D:6      | Reached skill level 7 in Short Blades
  8475 | D:6      | Noticed Grinder
  8490 | D:6      | Paralysed by Grinder for 7 turns
  8529 | D:6      | Killed Grinder
  8529 | D:6      | Reached skill level 1 in Shields
  8581 | D:6      | Reached skill level 6 in Fighting
  8588 | D:6      | HP: 25/64 [wight/+0 trident (8)]
  8591 | D:6      | HP: 11/64 [wight/+4 spear (2)]
  9000 | D:6      | Found a shimmering altar of Xom.
  9069 | D:6      | Found a radiant altar of Vehumet.
  9205 | D:6      | Found an ancient bone altar of Kikubaaqudgha.
  9207 | D:6      | Found a blossoming altar of Fedhas.
  9409 | D:6      | Reached XP level 9. HP: 69/69 MP: 13/13
  9451 | D:6      | Reached skill level 2 in Shields
  9474 | D:6      | Found an ancient bone altar of Kikubaaqudgha.
  9474 | D:6      | Found a blossoming altar of Fedhas.
  9681 | D:6      | Found a shimmering altar of Xom.
  9876 | D:6      | Found a radiant altar of Vehumet.
 10288 | D:7      | Found an opulent altar of Gozag.
 10353 | D:7      | Reached skill level 8 in Short Blades
 10549 | D:7      | Found a staircase to the Ecumenical Temple.
 10639 | D:7      | Reached *** piety under Cheibriados
 10802 | D:7      | Reached skill level 3 in Shields
 11312 | D:8      | Noticed a two-headed ogre
 11767 | D:8      | Found Wanojuu's Book Emporium.
 11894 | D:8      | Reached skill level 7 in Fighting
 12058 | D:8      | Noticed a troll
 12067 | D:8      | HP: 36/72 [troll (6)]
 12069 | D:8      | Killed a troll
 12456 | D:8      | Got a clouded emerald amulet
 12491 | D:8      | Identified the amulet "Tiuraxuj" {+Rage Dex+3} (You found
                  | it on level 8 of the Dungeon)
 12542 | D:8      | Reached skill level 9 in Short Blades
 12732 | D:8      | Found a blossoming altar of Fedhas.
 12770 | D:8      | Killed a two-headed ogre
 12770 | D:8      | Reached skill level 4 in Shields
 12770 | D:8      | Reached XP level 10. HP: 79/79 MP: 14/14
 12903 | D:9      | Found a basalt altar of Yredelemnul.
 13173 | D:9      | Found a hazy altar of Hepliaklqana.
 13198 | D:9      | HP: 36/79 [orc warrior/+0 glaive (12)]
 13413 | D:9      | Learned a level 1 spell: Apportation
 13731 | D:9      | Noticed a fire crab
 13736 | D:9      | HP: 32/80 [fire crab (shapeshifter) (16)]
 13745 | D:10     | Entered Level 10 of the Dungeon
 14123 | D:10     | Reached **** piety under Cheibriados
 14203 | D:9      | Reached skill level 8 in Fighting
 14255 | D:9      | Reached skill level 10 in Short Blades
 14536 | D:10     | Reached skill level 5 in Shields
 14792 | D:10     | Found a staircase to the Lair.
 14807 | D:10     | HP: 37/82 [orc priest/divine providence (16)]
 14821 | D:10     | HP: 37/82 [phantom (2)]
 14831 | D:10     | HP: 34/82 [phantom (4)]
 15589 | D:11     | Noticed a gargoyle
 15624 | Lair:1   | Entered Level 1 of the Lair of Beasts
 15672 | Lair:1   | Reached XP level 11. HP: 73/87 MP: 15/15
 15908 | Lair:1   | Noticed a four-headed hydra
 15918 | Lair:1   | Killed a four-headed hydra
 15918 | Lair:1   | Reached skill level 9 in Fighting
 15931 | Lair:1   | Reached ***** piety under Cheibriados
 16144 | Lair:1   | Reached skill level 6 in Shields
 16183 | Lair:1   | Reached skill level 11 in Short Blades
 16238 | Lair:1   | Found a runed gate.
 16330 | Lair:1   | Found a runed gate.
 16330 | Lair:1   | Found a runed gate.
 16401 | Lair:1   | Noticed an eight-headed hydra
 16407 | Lair:1   | Killed an eight-headed hydra
 16699 | Lair:1   | Noticed Phong's ghost (journeyman CeHu)
 16703 | Lair:1   | Found a viscous altar of Jiyva.
 17007 | Lair:2   | Found a staircase to the Snake Pit.
 17048 | Lair:2   | HP: 44/89 [naga/+2 battleaxe of freezing (11)]
 17266 | Lair:2   | Found a labyrinth entrance.
 17292 | Lab      | Entered a labyrinth
 18002 | Lab      | Noticed a minotaur
 18027 | Lab      | HP: 41/89 [minotaur/+3 scythe of venom (24)]
 18037 | Lab      | HP: 10/89 [minotaur/+3 scythe of venom (28)]
 18039 | Lab      | Annihilated by a minotaur

Vanquished Creatures
  2 hydras (Lair:1)
  A two-headed ogre (D:8)
  Pikel (D:5)
  A black mamba (Lair:1)
  2 spiny frogs (Lair:1)
  A komodo dragon (Lair:1)
  2 trolls
  Grinder (D:6)
  2 hippogriffs
  11 yaks
  3 wargs (D:10)
  3 nagas (Lair:2)
  3 water moccasins
  2 porcupines (Lair:1)
  An eye of draining (D:8)
  2 orc warriors (D:9)
  4 ogres
  4 ice beasts
  A sky beast (D:9)
  3 black bears (D:7)
  A necrophage (D:10)
  2 centaurs
  4 phantoms
  4 crocodiles (Lair:1)
  7 bullfrogs
  6 scorpions
  8 wights
  3 jellies
  2 crimson imps (D:5)
  A centaur zombie (D:6)
  4 orc priests
  2 hounds
  8 orc wizards
  2 iguanas
  7 worker ants
  A worker ant zombie (D:10)
  6 gnolls
  2 howler monkey skeletons (D:4)
  10 adders
  2 shadow imps (D:6)
  An ooze (D:3)
  An adder zombie (D:9)
  2 adder skeletons
  3 worms
  A dart slug (D:4)
  8 leopard geckos
  19 orcs
  A ball python (D:1)
  11 giant cockroaches
  3 goblins
  11 hobgoblins
  2 jackals (D:3)
  5 quokkas
  11 bats
  2 frilled lizards
  5 kobolds
  A leopard gecko zombie (D:5)
  2 quokka skeletons
  6 rats
227 creatures vanquished.

Vanquished Creatures (others)
  A slave (D:5)
  An ogre (D:5)
  An adder (D:5)
  2 fungi (Lair:1)
  4 plants (D:6)
  A withered plant (D:6)
10 creatures vanquished.

Grand Total: 237 creatures vanquished

Table legend:
 A = Turns spent in this place as a percentage of turns spent in the entire game.
 B = Non-inter-level travel turns spent in this place as a percentage of non-inter-level travel turns spent in the entire game.
 C = Inter-level travel turns spent in this place as a percentage of turns spent in this place.
 D = Turns resting spent in this place as a percentage of non-inter-level travel turns spent in this place.
 E = Turns spent auto-exploring this place as a percentage of non-inter-level travel turns spent in this place.
 F = Non-inter-level travel turns spent in this place divided by the number of levels of this place that you've seen.
                   A       B       C       D       E      F
               +-------+-------+-------+-------+-------+----------------------
         Total | 100.0 | 100.0 |   3.4 |  42.7 |  36.7 | 1244.1
       Dungeon |  86.6 |  86.5 |   3.6 |  46.1 |  37.0 | 1369.5
          Lair |   9.2 |   9.2 |   3.7 |  29.9 |  50.9 | 803.0
     Labyrinth |   4.1 |   4.3 |   0.0 |   2.4 |   0.0 | 747.0
               +-------+-------+-------+-------+-------+----------------------
